Map: 어스름 탑

Players

llllllllllll (Scarlett) - Winner!

  • Race: Zerg Zerg
  • League: Grandmaster

llllllllllll

  • Race: Zerg Zerg
  • League: Grandmaster

VOD

Have the link to the VOD?

Description

Time

  • Played on: April 13, 2016, 3:09 a.m.
  • Length: 9:21
Show
View Real Time Build Order
Export as new Build Order

llllllllllll Zerg - Winner!

Build Orders: Hatch First, Muta Ling Bane 

Get SALT Encoding   

  12  0:00  Drone  
  13  0:10  Drone  
  14  0:17  Overlord  
  14  0:24  Extractor  
  14  0:25  Drone  
  15  0:36  Drone x2  
  17  0:54  Hatchery  
  17  0:56  Drone  
  17  0:59  Drone  
  18  1:12  Spawning Pool  
  18  1:16  Extractor  
  16  1:19  Drone  
  16  1:24  Drone  
  18  1:28  Drone  
  19  1:39  Overlord  
  19  1:59  Queen  
  19  2:00  Zergling x2  
  22  2:01  Drone  
  22  2:07  Drone, Queen  
  26  2:13  Drone  
  27  2:19  Metabolic Boost  
  27  2:20  Drone x2  
  29  2:29  Drone  
  30  2:35  Queen  
  32  2:46  Hatchery  
  32  2:50  Baneling Nest  
  31  2:51  Drone  
  31  2:56  Overlord  
  31  2:58  Zergling x2  
  31  3:01  Zergling x2  
  33  3:10  Drone x3  
  36  3:15  Drone x2  
  36  3:19  Drone  
  39  3:20  Drone  
  39  3:24  Drone x2  
  42  3:27  Drone  
  42  3:33  Baneling  
  42  3:34  Baneling  
  43  3:36  Lair  
  43  3:42  Baneling  
  43  3:44  Zergling x2, Extractor  
  43  3:45  Zergling x2, Extractor  
  43  3:46  Drone  
  44  3:53  Overlord  
  44  3:57  Drone x5  
  49  4:14  Drone  
  49  4:15  Drone x4, Queen  
  56  4:20  Overlord  
  56  4:21  Extractor  
  55  4:32  Drone x3  
  55  4:34  Overlord  
  55  4:35  Spire  
  55  4:36  Overlord  
  57  4:41  Drone  
  58  4:48  Drone  
  58  4:49  Drone x4  
  63  4:53  Drone x4  
  63  4:55  Overseer  
  67  5:14  Drone x5, Overlord  
  67  5:15  Drone x2  
  67  5:20  Spine Crawler  
  73  5:21  Extractor  
  73  5:22  Extractor  
  71  5:29  Overlord  
  71  5:34  Drone  
  71  5:35  Drone x10  
  82  5:47  Overseer  
  82  5:52  Evolution Chamber, Mutalisk x4  
  82  5:56  Roach Warren  
  86  6:00  Drone x2  
  86  6:03  Mutalisk x2  
  92  6:06  Mutalisk  
  92  6:08  Hatchery  
  93  6:17  Overlord x2  
  93  6:18  Zerg Melee Weapons Level 1, Centrifical Hooks  
  93  6:24  Overlord x4  
  93  6:37  Glial Reconstitution  
  93  6:38  Roach x7  
  107  6:42  Roach x2  
  107  6:44  Roach  
  107  6:45  Roach  
  115  6:47  Roach x2  
  115  6:50  Roach  
  121  6:56  Roach x4  
  129  7:10  Overlord x3  
  129  7:11  Overlord  
  129  7:12  Roach x5  
  139  7:16  Zergling x4  
  141  7:23  Zergling x2  
  141  7:24  Zergling x12  
  150  7:30  Roach x2  
  150  7:34  Roach  
  154  7:37  Roach  
  156  7:50  Roach  
  156  7:51  Roach x9  
  176  7:53  Overlord x2  
  176  8:05  Baneling x11  
  176  8:06  Baneling x14  
  176  8:15  Roach  
  176  8:16  Roach x8  
  176  8:19  Queen  
  184  8:46  Roach x12  
  196  8:59  Roach x3  
Show
View Real Time Build Order
Export as new Build Order

llllllllllll Zerg 

Build Orders: Hatch First 

Get SALT Encoding   

  12  0:01  Drone  
  13  0:12  Overlord  
  13  0:17  Drone  
  14  0:31  Drone x2  
  14  0:35  Drone  
  17  0:51  Hatchery  
  17  0:54  Drone  
  17  0:58  Drone  
  18  1:05  Extractor  
  17  1:13  Spawning Pool  
  17  1:15  Drone  
  17  1:19  Drone  
  18  1:29  Drone  
  19  1:39  Overlord  
  19  1:54  Drone  
  19  2:00  Queen  
  22  2:01  Zergling x2  
  22  2:02  Queen  
  22  2:03  Drone  
  22  2:06  Metabolic Boost  
  26  2:12  Drone  
  26  2:14  Drone  
  28  2:22  Drone  
  29  2:26  Baneling Nest  
  29  2:27  Zergling x2  
  29  2:33  Drone  
  29  2:35  Drone  
  31  2:47  Hatchery  
  31  2:49  Drone  
  31  2:53  Overlord  
  31  2:58  Drone  
  32  2:59  Drone  
  32  3:05  Drone  
  34  3:10  Zergling x4  
  36  3:13  Zergling x6  
  36  3:17  Drone  
  36  3:18  Drone  
  41  3:21  Baneling  
  41  3:22  Baneling x3  
  41  3:28  Overlord  
  41  3:30  Drone  
  41  3:31  Drone  
  43  3:36  Drone  
  44  3:47  Queen  
  46  3:48  Drone  
  46  3:50  Overlord  
  46  3:52  Drone  
  46  3:53  Drone x2  
  46  3:54  Drone  
  51  3:56  Drone  
  51  4:02  Drone x2  
  54  4:08  Overlord  
  54  4:11  Lair  
  54  4:14  Roach Warren  
  54  4:16  Extractor  
  52  4:17  Drone x2, Extractor  
  52  4:19  Drone  
  52  4:20  Drone  
  52  4:21  Drone  
  52  4:23  Drone  
  56  4:25  Drone  
  56  4:29  Drone  
  56  4:30  Drone x2  
  60  4:31  Drone  
  60  4:32  Drone  
  60  4:37  Overlord  
  62  4:41  Drone  
  62  4:43  Drone  
  63  4:47  Spine Crawler  
  63  4:49  Overlord  
  62  4:58  Overlord  
  62  5:02  Drone x2  
  64  5:08  Drone x7  
  71  5:14  Evolution Chamber  
  71  5:15  Evolution Chamber  
  71  5:16  Queen  
  71  5:17  Extractor x2  
  71  5:18  Overseer  
  70  5:23  Overlord  
  70  5:24  Pneumatized Carapace  
  70  5:26  Drone x7  
  77  5:31  Extractor  
  77  5:33  Drone x4  
  80  5:36  Infestation Pit  
  79  5:43  Overlord  
  79  5:45  Drone x2  
  79  5:47  Overlord  
  81  5:52  Zerg Ground Armor Level 1  
  81  5:53  Zerg Melee Weapons Level 1  
  81  5:54  Drone x2  
  79  5:57  Zergling x8  
  79  5:58  Zergling x2  
  79  6:03  Queen  
  86  6:04  Spore Crawler  
  86  6:05  Spore Crawler  
  86  6:07  Queen  
  86  6:10  Spore Crawler  
  86  6:11  Spore Crawler  
  86  6:13  Drone, Spore Crawler  
  86  6:14  Hive, Pathogen Glands  
  86  6:16  Drone  
  86  6:17  Drone  
  87  6:20  Spore Crawler  
  87  6:22  Zergling x8  
  90  6:27  Overlord  
  90  6:29  Zergling x4  
  92  6:37  Drone x2  
  92  6:39  Spine Crawler  
  93  6:40  Spine Crawler, Queen  
  93  6:43  Queen  
  93  6:44  Overlord  
  95  7:03  Infestor x3  
  95  7:06  Zergling x2  
  95  7:07  Zergling x14  
  109  7:09  Overlord  
  109  7:11  Overlord  
  109  7:15  Drone  
  109  7:16  Spine Crawler  
  109  7:23  Overlord  
  109  7:24  Spine Crawler  
  109  7:29  Viper  
  108  7:30  Ultralisk Cavern  
  108  7:31  Overlord  
  108  7:33  Zergling x12  
  108  7:36  Adrenal Glands  
  116  7:42  Overlord  
  116  7:55  Overlord  
  115  8:07  Overlord  
  115  8:08  Overlord  
  114  8:17  Ultralisk x3  
  124  8:32  Zergling x2, Ultralisk  
  124  8:33  Zergling x2  
  132  8:40  Zergling x2  
  117  8:42  Zergling x8  
  117  8:43  Zergling x18  
  117  8:44  Zergling x2  
  115  8:55  Zergling x4  
  111  8:57  Zergling x2  
  102  9:04  Zergling x6  
Tags
 
Add a new tag
Caveats
  • Supply blocks, unpowered buildings, or Contaminate may cause inaccurate times.
  • Supply counts are checked every 10 seconds.